 Dungeon Crawl Stone Soup version 0.27-a0-1532-gca18f49f40 (webtiles) character file.

Game seed: 8250739471174894031

488 nyamberluvr69 the Shield-Bearer (level 7, -4/69 HPs)
             Began as an Octopode Berserker on July 12, 2021.
             Was a Priest of Trog.
             Killed by divine providence
             ... invoked by an orc priest
              (13 damage)
             ... on level 4 of the Dungeon.
             The game lasted 00:05:05 (4544 turns).

nyamberluvr69 the Shield-Bearer (OpBe)              Turns: 4544, Time: 00:05:06

Health: -4/69      AC:  1    Str: 16    XL:     7   Next: 13%
Magic:  7/7        EV: 13    Int: 10    God:    Trog [***...]
Gold:   132        SH: 10    Dex: 13    Spells: 6/6 levels left

rFire    . . .     SeeInvis .   a - +0 falchion
rCold    . . .     Faith    .   h - +0 kite shield
rNeg     . . .     Spirit   .   (helmet restricted)
rPois    .         Reflect  .   (no amulet)
rElec    .         Harm     .   (no ring)
rCorr    .         Rampage  .   (no ring)
Will     ++...                  (no ring)
Stlth    ..........             (no ring)
HPRegen  1.21/turn              (no ring)
MPRegen  0.10/turn              (no ring)
                                (no ring)
                                (no ring)

@: berserking, strong-willed, regenerating, very quick
A: almost no armour, amphibious, 8 rings, camouflage 1, gelatinous body 1,
(nimble swimmer 1), tentacles
a: Renounce Religion, Berserk, Trog's Hand


You were on level 4 of the Dungeon.
You worshipped Trog.
Trog was most pleased with you.
You visited 1 branch of the dungeon, and saw 4 of its levels.

You collected 132 gold pieces.

Inventory:

Hand Weapons
 a - a +0 falchion (weapon)
Armour
 h - a +0 kite shield (worn)
Jewellery
 k - a ring of flight
Scrolls
 b - 5 scrolls of identify {unknown}
 c - a scroll of brand weapon {unknown}
 e - a scroll of acquirement {unknown}
 f - a scroll of noise {unknown}
 i - a scroll of teleportation {unknown}
 l - a scroll of vulnerability {unknown}
 m - a scroll of summoning {unknown}
 n - a scroll of immolation {unknown}
Potions
 d - 2 potions of might {unknown}
 g - a potion of brilliance {unknown}
 j - a potion of ambrosia {unknown}
 o - a potion of heal wounds {unknown}


   Skills:
 - Level 3.0 Fighting
 - Level 3.0 Long Blades
 - Level 5.2 Dodging
 + Level 5.6 Shields


You had 6 spell levels left.
You didn't know any spells.
Your spell library was empty.

Dungeon Overview and Level Annotations

Branches:
Dungeon (4/15)
 Temple: D:4-7

Altars:

Shops:
D:2 (


Innate Abilities, Weirdness & Mutations

You cannot wear most types of armour.
You are amphibious.
You can wear up to eight rings at the same time.
Your skin changes colour to match your surroundings (Stealth+).
Your rubbery body absorbs attacks. (AC +1, EV +1)
((You are camouflaged near water. (Stealth+)))
You have tentacles for arms and can constrict up to eight enemies at once.


Message History

The orc priest miscasts a cantrip.
An orc priest comes into view. It is wielding a +0 short sword.
A red film seems to cover your vision as you go berserk!
You feel yourself moving faster!
You feel mighty!
The orc priest calls down the wrath of Beogh upon you.
Beogh smites you! The orc hits you with a +0 hand axe.
You are too injured to fight recklessly!
You are too injured to fight recklessly!
You are too injured to fight recklessly!
You closely miss the orc. Your grab misses the orc. You block the orc's attack.
The orc hits you with a +0 hand axe.
You barely miss the orc. Your grab misses the orc. You squeeze the orc!
You feel the power of Trog in you as your rage grows.
You kill the orc!
Trog accepts your kill.
The orc priest calls down the wrath of Beogh upon you.
Beogh smites you!
* * * LOW HITPOINT WARNING * * *
You slash the orc!
You kill the orc!
Trog accepts your kill.
You closely miss the orc priest. Your grab misses the orc priest.
You squeeze the orc priest.
The orc priest is lightly wounded.
You block the orc's attack.
The orc priest hits you with a +0 dagger.
* * * LOW HITPOINT WARNING * * *
The orc hits you with a +2 hand axe of flaming.
* * * LOW HITPOINT WARNING * * *
The orc burns you.
* * * LOW HITPOINT WARNING * * *
You see here a +0 hand axe.
You barely miss the orc priest. Your grab misses the orc priest.
The orc priest is lightly wounded.
The orc priest hits you with a +0 dagger.
* * * LOW HITPOINT WARNING * * *
The orc completely misses you.
The orc priest mumbles some strange prayers to Beogh against you.
Beogh smites you!
You die...

######
#.......### ##
##.........##
##.
###............
###..
.............#.
##....
..............#
......
.......o.....
......
#........#
...... #...o@.#
...... ###.o.##
...... ##..#
....... ##.#
.......
#######.#
#......
#.......###
#......
#.........##
#......
#..........###
#.....
#............##
#.....


You could see 2 orc priests and an orc.

Vanquished Creatures
  A black bear (D:4)
  A scorpion (D:3)
  A gnoll shaman (D:3)
  Natasha (thrice) (D:3)
  A hound skeleton (D:4)
  10 adders
  3 gnolls
  3 dart slugs (D:1)
  10 orcs
  13 ball pythons
  5 bats
  2 endoplasms (D:3)
  A giant cockroach (D:3)
  8 goblins
  6 hobgoblins
  4 jackals (D:2)
  9 kobolds
  4 quokkas
  3 frilled lizards
  8 rats
96 creatures vanquished.

Notes
Turn   | Place    | Note
-------+----------+-------------------------------------------
     0 | D:1      | nyamberluvr69 the Octopode Berserker began the quest for
                  | the Orb.
     0 | D:1      | Reached XP level 1. HP: 16/16 MP: 1/1
   311 | D:1      | Reached XP level 2. HP: 21/21 MP: 2/2
   578 | D:1      | Found a faded altar of an unknown god.
   640 | D:1      | Reached XP level 3. HP: 23/26 MP: 3/3
   866 | D:1      | Reached ** piety under Trog
  1332 | D:2      | Found Narghubi's Antique Weapon Shop.
  1595 | D:2      | Reached XP level 4. HP: 16/31 MP: 4/4
  1789 | D:2      | Reached skill level 5 in Dodging
  2637 | D:3      | Reached skill level 1 in Shields
  2683 | D:3      | Noticed Natasha
  2688 | D:3      | Killed Natasha
  2689 | D:3      | Reached XP level 5. HP: 21/36 MP: 5/5
  3064 | D:3      | Noticed Natasha
  3072 | D:3      | Killed Natasha
  3073 | D:3      | Reached XP level 6. HP: 32/42 MP: 6/6
  3210 | D:3      | Noticed Natasha
  3214 | D:3      | Killed Natasha
  4093 | D:4      | Noticed a black bear
  4098 | D:4      | Killed a black bear
  4098 | D:4      | Reached *** piety under Trog
  4099 | D:4      | Reached skill level 5 in Shields
  4099 | D:4      | Reached XP level 7. HP: 46/46 MP: 7/7
  4544 | D:4      | Killed from afar by an orc priest

Illustrated notes

Levels and vault maps discovered:
D:1:      wander_arrival_chamber, layout_basic, shapermc_ecumenical_altar_venn,
          minmay_tall_x
D:2:      layout_loops_ring, serial_shops, nicolae_shop_statue_plus
D:3:      layout_basic, uniq_natasha
D:4:      layout_cave_pods, minivault_23, minmay_snake_closets

Skill      XL: |  1  2  3  4  5  6 |
---------------+-------------------+-----
Dodging        | 4 5 |  5.2
Shields        | 1 3 5 |  5.6
Fighting       | |  3.0
Long Blades    | |  3.0

Action                   |  1- 3 |  4- 6 |  7- 9 || total
-------------------------+-------+-------+-------++-------
Melee: Falchion          |    72 |    82 |    28 ||   182
       Tentacles         |    11 |    20 |     8 ||    39
       Constrict         |    16 |    27 |     6 ||    49
Invok: Berserk           |       |     3 |     1 ||     4
       Trog's Hand       |       |       |     1 ||     1
 Stab: Sleeping          |     8 |     3 |     3 ||    14
Armor: Skin              |    11 |     1 |       ||    12
Dodge: Dodged            |    42 |    49 |    19 ||   110
Block: Kite shield       |       |    31 |     9 ||    40
       Rpst.: Falchion   |    12 |    14 |     4 ||    30

Table legend: (Time is in decaauts)
 A = Elapsed time spent in this place.
 B = Non-inter-level travel time spent in this place.
 C = Inter-level travel time spent in this place.
 D = Time resting spent in this place.
 E = Time spent auto-exploring this place.
 F = Levels seen in this place.
 G = Mean time per level.
                   A        B        C        D        E       F      G
               +--------+--------+--------+--------+--------+-----+--------+
         Total |   4613 |   4467 |    146 |    557 |   3252 |   4 | 1153.2 |
       Dungeon |   4613 |   4467 |    146 |    557 |   3252 |   4 | 1153.2 |
               +--------+--------+--------+--------+--------+-----+--------+

Top non-repeatable levels by time:
     D:3: 1499 daAuts
     D:1: 1239 daAuts
     D:2: 1213 daAuts
     D:4: 661 daAuts
